 Dungeon Crawl Stone Soup version 0.27-a0-1139-g28e009f8a6 (webtiles) character file.

Game seed: 9467236532309102158

140850 storma199 the Eclecticist (level 17, -18/130 HPs)
             Began as a Djinni Hedge Wizard on Apr 29, 2021.
             Was the Champion of Makhleb.
             Killed from afar by a tengu reaver (36 damage)
             ... with a bolt of acid
             ... on level 14 of the Dungeon on May 7, 2021.
             The game lasted 02:40:06 (33046 turns).

storma199 the Eclecticist (Djinni Hedge Wizard)    Turns: 33046, Time: 02:40:07

Health: -18/130    AC: 15    Str: 15    XL:     17   Next: 31%
Gold:   2148       EV: 19    Int: 24    God:    Makhleb [******] SH:  5 Dex: 13

rFire    + . .     SeeInvis .   A - +9 mace of the Ass {venom, rElec Str+5 Int+4 Stlth-}
rCold    . . .     Faith    .   (no shield)
rNeg     + + .     Spirit   .   D - +4 troll leather armour
rPois    ∞         Reflect  +   S - +2 hat {Will+}
rElec    +         Harm     .   p - +2 cloak {Will+}
rCorr    .         Rampage  .   (no gloves)
Will     +++..                  (boots unavailable)
Stlth    ++........             E - amulet of reflection
HPRegen  1.31/turn              v - ring of wizardry
MPRegen  0.00/turn              g - ring of Wueskas {rF- rC+ rN++}

@: spewing sludge, flying, studying Armour
A: sickness immunity, fire resistance 2, cold vulnerability 1, float, innate
caster, hp casting, extra vitality 1, iridescent scales 1, camouflage 1, dopey 1
a: Renounce Religion, Minor Destruction, Lesser Servant of Makhleb, Major
Destruction, Greater Servant of Makhleb


You were on level 14 of the Dungeon.
You worshipped Makhleb.
Makhleb was exalted by your worship.
You visited 6 branches of the dungeon, and saw 28 of its levels.
You also visited: Ossuary and Bailey.

You collected 3580 gold pieces.
You spent 1432 gold pieces at shops.

Inventory:

Hand Weapons
 y - the +5 demon whip "Spellbinder" {antimagic, Will+}
   (You found it on level 5 of the Dungeon)

   It reduces the magical energy of the wielder, and disrupts the spells and
   magical abilities of those hit.
   Natural abilities and divine invocations are not affected.
   It increases your willpower.
 A - the +9 mace of the Ass (weapon) {venom, rElec Str+5 Int+4 Stlth-}
   (You found it on level 14 of the Dungeon)

   It poisons the flesh of those it strikes.
   It affects your strength (+5).
   It affects your intelligence (+4).
   It insulates you from electricity.
   It makes you less stealthy.
Missiles
 a - 7 throwing nets
 K - 8 boomerangs of dispersal
 O - 6 curare-tipped darts
Armour
 p - a +2 cloak of willpower (worn)
 D - a +4 troll leather armour (worn)
 S - a +2 hat of willpower (worn)
Jewellery
 g - the ring of Wueskas (right hand) {rF- rC+ rN++}
   (You acquired it on level 6 of the Lair of Beasts)

   [ring of protection from cold]

   It makes you vulnerable to fire.
   It protects you from cold.
   It greatly protects you from negative energy.
 v - a ring of wizardry (left hand)
 C - a ring of willpower
 E - an amulet of reflection (around neck)
 Q - a ring of see invisible
Wands
 n - a wand of acid (20)
 B - a wand of paralysis (5)
 H - a wand of flame (19)
 I - a wand of iceblast (18)
 M - a wand of digging (15)
 P - a wand of polymorph (11)
Scrolls
 b - 2 scrolls of silence
 c - 2 scrolls of enchant armour
 d - 4 scrolls of enchant weapon
 h - 5 scrolls of noise
 i - 5 scrolls of teleportation
 j - a scroll of fog
 l - 2 scrolls of torment
 q - 2 scrolls of magic mapping
 u - 14 scrolls of identify
 G - a scroll of fear
Potions
 k - 5 potions of attraction
 m - 6 potions of haste
 o - 5 potions of cancellation
 r - a potion of berserk rage
 s - 9 potions of curing
 t - 5 potions of resistance
 w - 5 potions of brilliance
 x - 4 potions of lignification
 J - 4 potions of might
 L - 2 potions of invisibility
 T - a potion of ambrosia


   Skills:
 - Level 14.8 Fighting
 + Level 16.3 Dodging
 - Level 1.5 Stealth
 * Level 17.7 Spellcasting


You had 7 spell levels left.
You knew the following spells:

 Your Spells              Type           Power      Damage    Failure   Level
a - Magic Dart            Conj           100%       1d8       0%          1
b - Blink                 Tloc           N/A        N/A       0%          2
c - Call Imp              Summ           82%        N/A       0%          2
d - Slow                  Hex            82%        N/A       0%          2
e - Conjure Flame         Conj/Fire      82%        6-21      0%          3
f - Mephitic Cloud        Conj/Pois/Air  82%        N/A       0%          3
g - Sandblast             Erth           100%       2d20      0%          1
h - Corpse Rot            Necr/Air       N/A        N/A       0%          2
i - Stone Arrow           Conj/Erth      100%       3d13      0%          3
j - Vampiric Draining     Necr           41%        2d11      0%          3
k - Lee's Rapid Deconstr  Erth           41%        3d21*     1%          5
l - Irradiate             Conj/Tmut      41%        3d27      1%          5
m - Simulacrum            Ice/Necr       41%        N/A       1%          6
n - Eringya's Noxious Bo  Tmut/Pois      41%        N/A       1%          6
Your spell library was empty.

Dungeon Overview and Level Annotations

Branches:
Dungeon (14/15)            Temple (1/1) D:6            Lair (6/6) D:9
 Shoals (0/4) Lair:2       Spider (4/4) Lair:2        Slime (0/5) Lair:6
    Orc (2/2) D:10            Elf (1/3) Orc:2        Vaults (0/5) D:13
Ossuary (visited)          Bailey (visited)

Altars:
Ashenzari
Dithmenos
Elyvilon
Gozag
Hepliaklqana
Kikubaaqudgha
Makhleb
Nemelex Xobeh
Okawaru
Qazlal
Ru
Sif Muna
Trog
Uskayaw
Vehumet
Wu Jian
Xom
Yredelemnul
The Shining One
Beogh

Shops:
D:3 ?   D:6 [   Orc:2 !?([

Annotations:
D:3 exclusion: downstairs
D:10 2 transporters, HilariousDeathArtist's ghost, novice BaFi
D:14 Kedghoxa's ghost, journeyman DEIE
Lair:6 3 runed translucent doors, Papr's ghost, journeyman MiFi; Zeld's ghost, journeyman OpCj
Spider:4 Bai Suzhen


Innate Abilities, Weirdness & Mutations

You are immune to sickness and miasma.
You are immune to poison.
Your flesh is very heat resistant. (rF++)
You are vulnerable to cold. (rC-)
You float through the air rather than walking.
You learn spells naturally, not from books.
Your magical power is your life essence.
You have superior vitality. (+4 HP)
You are partially covered in iridescent scales. (AC +2)
Your skin changes colour to match your surroundings (Stealth+).
You are dopey. (Int -2)


Message History

Confirm with . or Enter, or press ? or * to list all spells.
Casting: Eringya's Noxious Bog (mildly dangerous; 1% risk of failure)
Press: ? - help, Dir - look around, f - activate You spew toxic sludge!
The ice beast festers in the toxic bog.
The ice beast is poisoned.
The centaur warrior festers in the toxic bog!
The centaur warrior looks as sick as possible!
The centaur warrior shoots an arrow.
The arrow hits you!
The tengu reaver hits you from afar with a +1 halberd of venom!!!
* * * LOW HITPOINT WARNING * * *
The cyclops festers in the toxic bog!
The cyclops looks as sick as possible!
The deep elf pyromancer festers in the toxic bog!
The deep elf pyromancer looks as sick as possible!
Unknown command.
You feel much better.
The centaur warrior festers in the toxic bog!
The centaur warrior looks as sick as possible!
The ice beast festers in the toxic bog!
The ice beast looks as sick as possible!
The ice beast dies!
The tengu reaver misses you.
Casting: Eringya's Noxious Bog (mildly dangerous; 1% risk of failure)
Confirm with . or Enter, or press ? or * to list all spells.
Aiming: Vampiric Draining (safe; 0% risk of failure)
Press: ? - help, Shift-Dir - straight line, f - deep elf pyromancer
Aim: a deep elf pyromancer, wielding a +0 long sword (heavily wounded, extremely poisoned)
You draw life force from the deep elf pyromancer!
You feel life coursing into your body.
* * * LOW HITPOINT WARNING * * *
The centaur warrior festers in the toxic bog!
The centaur warrior looks as sick as possible!
The centaur warrior shoots an arrow.
The arrow hits you.
* * * LOW HITPOINT WARNING * * *
Kedghoxa's ghost casts a spell.
The deep elf pyromancer festers in the toxic bog!
The deep elf pyromancer looks as sick as possible!
The deep elf pyromancer dies!
The tengu reaver points at you and mumbles some strange words.
The bolt of acid hits you!!!
You die...

#########.......'+'.:W
..........######'+W(W
########### # +W....
#''''''''+'.
#''''''''+'.
#''''''''''#
###..##..##
#######.##.##
##...@.Q.Y...####
#....≈≈)≈W≈≈......#
..##.≈≈≈≈cC≈...##.#
#.≈≈≈≈≈≈≈.[.#
#.≈≈≈≈≈≈≈(..# #
#...........# +
#.........<.# #
#...........#
#####.#######


You could see a tengu reaver (strong), a centaur warrior (extremely poisoned), a
cyclops (extremely poisoned), an ice beast (summoned) and Kedghoxa's ghost.

Vanquished Creatures
  Arachne (Spider:2)
  Kirke (Lair:4)
  An orc warlord (Orc:2)
  A ghost moth (Spider:3)
  The ghost of Midom the Grappler, a journeyman OgTm of Cheibriados (D:13)
  The ghost of Eteoggu the Protected, a journeyman FoFi of Cheibriados (D:13)
  The ghost of Meop the Eclecticist, a journeyman DEAE of Vehumet (D:13)
  The ghost of Meop the Eclecticist, a journeyman DEAE of Vehumet (D:14)
  4 entropy weavers
  The ghost of Rabiuc the Basher, a journeyman FoAK of Lugonu (D:13)
  A spark wasp (Spider:2)
  The ghost of Feiv Zoaf the Thaumaturge, a journeyman GnWn of Vehumet (D:13)
  The ghost of Tocho the Thaumaturge, a journeyman DjFE of Makhleb (Lair:3)
  Harold (D:9)
  Erolcha (D:9)
  5 boulder beetles
  8 vault guards (D:13)
  9 hydras
  A catoblepas (Lair:2)
  5 centaur warriors
  Erica (D:9)
  A death knight (D:14)
  6 two-headed ogres
  4 orc high priests (Orc:2)
  A tengu warrior (D:14)
  The ghost of Kedghoxa the Gelid, a journeyman DEIE of Vehumet (D:13)
  Urug (Lair:5)
  7 death yaks (Lair:4)
  A swamp dragon (shapeshifter) (D:13)
  3 orc knights (Orc:2)
  2 deep elf pyromancers
  11 orb spiders
  3 manticores
  12 wolf spiders
  5 orc sorcerers (Orc:2)
  7 ugly things
  A cyclops (D:12)
  14 elephants
  2 gargoyles
  A torpor snail (Lair:4)
  7 black mambas
  9 cane toads
  5 rime drakes
  2 unseen horrors
  A kobold demonologist (D:12)
  2 efreet (D:13)
  12 komodo dragons
  6 demonic crawlers
  2 freezing wraiths (D:13)
  15 polar bears
  20 jumping spiders
  7 trolls
  2 hornets
  A dream sheep (Lair:6)
  9 blink frogs
  A snapping turtle (Lair:2)
  A meliai zombie (D:11)
  A raiju (Lair:6)
  37 redbacks
  A shadow (D:13)
  12 tarantellas
  6 wyverns
  4 wraiths
  46 yaks
  4 basilisks
  5 hogs (Lair:4)
  2 steam dragons
  2 vampire mosquitoes (D:11)
  10 wargs
  A naga (shapeshifter) (D:13)
  An acid dragon (Lair:6)
  16 hell hounds (Lair:6)
  Duvessa (D:5)
  46 orc warriors
  18 water moccasins
  A sky beast (D:8)
  15 black bears
  A swamp drake (Lair:6)
  10 ogres
  17 centaurs
  A necrophage (D:5)
  23 wolves
  2 phantoms
  2 kobold brigands
  11 bullfrogs
  6 scorpions
  A water moccasin skeleton (D:4)
  11 wights
  Dowan (D:5)
  2 electric eels (Lair:2)
  3 bullfrog skeletons
  A hound (D:6)
  5 centaur zombies
  14 jellies
  A gnoll shaman (D:6)
  5 iguanas
  25 orc priests
  Crazy Yiuf (D:4)
  A scorpion zombie (D:5)
  26 orc wizards
  2 killer bee zombies
  2 hound skeletons
  4 mummies (Ossuary)
  3 howler monkey zombies
  10 gnolls
  A river rat (D:6)
  8 adders
  An ufetubus (D:6)
  An adder skeleton (D:4)
  2 worms (D:5)
  3 dart slugs
  105 orcs
  8 ball pythons
  4 endoplasms
  7 giant cockroaches
  A gnoll zombie (D:5)
  21 goblins
  11 hobgoblins
  4 jackals (D:4)
  5 quokkas
  7 bats
  A frilled lizard (D:2)
  2 hobgoblin zombies (Ossuary)
  36 kobolds
  3 kobold zombies (Ossuary)
  2 orc zombies (Ossuary)
  5 rats
890 creatures vanquished.

Vanquished Creatures (collateral kills)
  A spark wasp (Spider:2)
  2 boulder beetles (Spider:2)
  A hydra (Lair:3)
  8 orb spiders
  A deep elf pyromancer (D:13)
  2 wolf spiders (Spider:2)
  A centaur zombie (D:11)
  A troll (D:14)
  6 jumping spiders
  A tarantella (Spider:3)
  6 redbacks
  A yak (D:11)
  Menkaure (D:5)
  A sky beast (D:6)
  A bullfrog (D:6)
  A jelly (D:6)
  Terence (D:2)
  An orc wizard (D:13)
  4 mummies (Ossuary)
  2 orcs
  A hobgoblin zombie (Ossuary)
44 creatures vanquished.

Vanquished Creatures (others)
  A deep elf pyromancer (D:14)
  A blink frog (Lair:2)
  A redback (Spider:2)
  An orc priest (D:6)
  An orc wizard (D:6)
  An orc (D:6)
  76 fungi
  86 plants
  6 withered plants (Lair:6)
174 creatures vanquished.

Grand Total: 1108 creatures vanquished

Notes
Turn   | Place    | Note
-------+----------+-------------------------------------------
     0 | D:1      | storma199 the Djinni Hedge Wizard began the quest for the
                  | Orb.
     0 | D:1      | Reached XP level 1. HP: 15/15 MP: 0/0
   354 | D:1      | Reached XP level 2. HP: 19/22 MP: 0/0
   358 | D:1      | Reached skill level 3 in Spellcasting
   821 | D:1      | Reached skill level 1 in Fighting
  1042 | D:1      | Reached XP level 3. HP: 24/27 MP: 0/0
  1042 | D:1      | Learned a level 1 spell: Sandblast
  1880 | D:2      | Reached XP level 4. HP: 30/32 MP: 0/0
  2266 | D:2      | Noticed Terence
  2282 | D:2      | Killed Terence
  2664 | D:3      | Found Faxim's Magic Scroll Boutique.
  3370 | D:3      | Reached XP level 5. HP: 33/38 MP: 0/0
  3370 | D:3      | Learned a level 2 spell: Corpse Rot
  4025 | D:4      | Noticed a steam dragon
  4327 | D:4      | Reached skill level 4 in Spellcasting
  5276 | D:4      | Found a runed translucent door.
  5277 | D:4      | Noticed Crazy Yiuf
  5830 | D:4      | Reached XP level 6. HP: 35/45 MP: 0/0
  6268 | D:4      | Killed Crazy Yiuf
  6465 | D:5      | Entered Level 5 of the Dungeon
  6878 | D:5      | Found a sand-covered staircase.
  6887 | Ossuary  | Entered an ossuary
  7457 | D:5      | Reached skill level 5 in Spellcasting
  7457 | D:5      | Reached XP level 7. HP: 38/50 MP: 0/0
  7457 | D:5      | Learned a level 3 spell: Stone Arrow
  7778 | D:5      | Noticed Menkaure
  7979 | D:5      | Noticed Dowan
  7981 | D:5      | Noticed Duvessa
  7985 | D:5      | Killed Dowan
  7993 | D:5      | Killed Duvessa
  8269 | D:5      | Reached skill level 5 in Dodging
  8279 | D:5      | Reached XP level 8. HP: 10/58 MP: 0/0
  8555 | D:5      | Found the +5 demon whip "Spellbinder" {antimagic, Will+}
  8612 | D:5      | Reached skill level 6 in Spellcasting
  8664 | D:5      | Killed Menkaure
  9296 | D:5      | Found a sacrificial altar of Ru.
  9517 | D:6      | Reached skill level 5 in Fighting
  9821 | D:6      | Reached skill level 7 in Spellcasting
  9969 | D:6      | Reached XP level 9. HP: 61/65 MP: 0/0
  9969 | D:6      | Learned a level 3 spell: Vampiric Draining
 10222 | D:6      | Found Vuyv's Antique Armour Emporium.
 10816 | D:6      | Found a staircase to the Ecumenical Temple.
 10954 | Temple   | Entered the Ecumenical Temple
 10964 | Temple   | Became a worshipper of Makhleb the Destroyer
 11086 | D:7      | Reached skill level 8 in Spellcasting
 12831 | D:8      | Noticed a two-headed ogre
 12839 | D:8      | Killed a two-headed ogre
 12840 | D:8      | Reached XP level 10. HP: 55/73 MP: 0/0
 12965 | D:8      | Reached * piety under Makhleb
 13016 | D:8      | Found a flagged portal.
 13024 | Bailey   | Entered a bailey
 13071 | Bailey   | Reached skill level 9 in Spellcasting
 14008 | D:8      | Reached ** piety under Makhleb
 15261 | D:9      | Noticed Erolcha
 15266 | D:9      | Noticed Harold
 15269 | D:9      | Killed Erolcha
 15270 | D:9      | Reached skill level 10 in Spellcasting
 15276 | D:9      | Killed Harold
 15277 | D:9      | Reached XP level 11. HP: 39/81 MP: 0/0
 15277 | D:9      | Learned a level 5 spell: Lee's Rapid Deconstruction
 15537 | D:9      | Found a staircase to the Lair.
 15663 | D:9      | Identified the +5 hand axe "Buhiheog" {drain, *Rage rPois
                  | Stlth+}
 15758 | D:9      | Noticed Erica
 15763 | D:9      | Killed Erica
 16070 | D:10     | Entered Level 10 of the Dungeon
 16104 | D:10     | Found a transporter.
 16108 | D:10     | Found a transporter.
 16108 | D:10     | Noticed HilariousDeathArtist's ghost (novice BaFi)
 16116 | D:10     | Noticed a harpy
 16203 | D:10     | Noticed a six-headed hydra
 16207 | D:10     | Killed a six-headed hydra
 16214 | D:10     | Reached skill level 10 in Dodging
 16228 | D:10     | Reached *** piety under Makhleb
 16273 | D:10     | Found a staircase to the Orcish Mines.
 16330 | D:10     | Reached skill level 11 in Spellcasting
 16370 | D:10     | Identified the +10 mace of Spontaneous Combustion {vorpal,
                  | rPois rC+ Int+3}
 16402 | D:10     | Noticed a two-headed ogre
 16411 | D:10     | Killed a two-headed ogre
 16689 | Lair:1   | Entered Level 1 of the Lair of Beasts
 16714 | Lair:1   | Noticed a six-headed hydra
 16729 | Lair:1   | Killed a six-headed hydra
 16784 | Lair:1   | Reached XP level 12. HP: 77/90 MP: 0/0
 16982 | Lair:1   | Reached skill level 12 in Spellcasting
 17275 | Lair:2   | Noticed a catoblepas
 17292 | Lair:2   | Reached skill level 10 in Fighting
 17368 | Lair:2   | Reached **** piety under Makhleb
 17698 | Lair:2   | Found a staircase to the Shoals.
 17783 | Lair:2   | Found a hole to the Spider Nest.
 18029 | Lair:2   | Killed a catoblepas
 18397 | Lair:3   | Noticed a seven-headed hydra
 18410 | Lair:3   | Killed a seven-headed hydra
 18411 | Lair:3   | Reached XP level 13. HP: 89/97 MP: 0/0
 18411 | Lair:3   | Learned a level 5 spell: Irradiate
 18593 | Lair:3   | Found a runed translucent gate.
 18594 | Lair:3   | Noticed Tocho's ghost (journeyman DjFE)
 18599 | Lair:3   | Found a runed translucent gate.
 18599 | Lair:3   | Found a runed translucent gate.
 18615 | Lair:3   | Reached skill level 13 in Spellcasting
 19318 | Lair:4   | Noticed Kirke
 19326 | Lair:4   | Killed Kirke
 19326 | Lair:4   | Reached ***** piety under Makhleb
 19730 | Lair:4   | Reached skill level 14 in Spellcasting
 19730 | Lair:4   | Reached XP level 14. HP: 106/106 MP: 0/0
 20492 | Lair:5   | Noticed Urug
 20554 | Lair:5   | Killed Urug
 20825 | Lair:5   | You are sucked into a shaft and drop 1 floor!
 20825 | Lair:6   | Entered Level 6 of the Lair of Beasts
 21155 | Lair:6   | Reached ****** piety under Makhleb
 21641 | Lair:6   | Found a staircase to the Slime Pits.
 21704 | Lair:6   | Found a runed translucent gate.
 21705 | Lair:6   | Found a runed translucent gate.
 21706 | Lair:6   | Found a runed translucent gate.
 21708 | Lair:6   | Noticed Papr's ghost (journeyman MiFi)
 21710 | Lair:6   | Noticed Zeld's ghost (journeyman OpCj)
 21915 | Lair:6   | Reached skill level 15 in Spellcasting
 22047 | Lair:6   | Identified a scroll of acquirement
 22047 | Lair:6   | Acquired the ring of Wueskas {rF- rC+ rN++}
 22474 | Orc:1    | Entered Level 1 of the Orcish Mines
 22730 | Orc:2    | Entered Level 2 of the Orcish Mines
 23023 | Orc:2    | Reached XP level 15. HP: 112/113 MP: 0/0
 23023 | Orc:2    | Learned a level 6 spell: Simulacrum
 23281 | Orc:2    | Found Qusatwin's Distillery.
 23351 | Orc:2    | Bought a potion of heal wounds for 80 gold pieces
 23358 | Orc:2    | Found Veal's Magic Scroll Shoppe.
 23415 | Orc:2    | Bought a scroll of acquirement for 676 gold pieces
 23415 | Orc:2    | Bought a scroll of acquirement for 676 gold pieces
 23945 | Orc:2    | Found a staircase to the Elven Halls.
 24043 | Orc:2    | Identified the amulet "Ystrip" {Spirit Int+4}
 24241 | Orc:2    | Noticed an orc warlord
 24261 | Orc:2    | Killed an orc warlord
 24502 | Orc:2    | Found Kevuim's Antique Weapon Boutique.
 24619 | Orc:2    | Found Ciroyc's Armour Shoppe.
 24801 | Orc:2    | Acquired a manual of Armour
 24803 | Orc:2    | Acquired 1079 gold pieces
 24805 | Orc:2    | Upgraded the game from 0.27-a0-1105-g946c659c87 to
                  | 0.27-a0-1123-g2f9bb313c0
 24942 | Spider:1 | Entered Level 1 of the Spider Nest
 25972 | Spider:2 | Reached skill level 16 in Spellcasting
 26285 | Spider:2 | Reached skill level 15 in Dodging
 26412 | Spider:2 | Reached XP level 16. HP: 93/122 MP: 0/0
 27213 | Spider:2 | Upgraded the game from 0.27-a0-1123-g2f9bb313c0 to
                  | 0.27-a0-1136-g0b992a5a9d
 27372 | Spider:3 | Noticed Arachne
 27384 | Spider:2 | Killed Arachne
 27769 | Spider:2 | Upgraded the game from 0.27-a0-1136-g0b992a5a9d to
                  | 0.27-a0-1139-g28e009f8a6
 28571 | Spider:4 | Entered Level 4 of the Spider Nest
 28571 | Spider:4 | Noticed Bai Suzhen
 29126 | Elf:1    | Entered Level 1 of the Elven Halls
 30165 | D:12     | Identified the ring of Licw {rPois Dex+6}
 30850 | D:13     | Reached skill level 17 in Spellcasting
 30855 | D:13     | You are sucked into a shaft and drop 1 floor!
 31067 | D:14     | Identified the +9 mace of the Ass {venom, rElec Str+5 Int+4
                  | Stlth-}
 31110 | D:14     | Found a huge runed gate.
 31110 | D:14     | Found a huge runed gate.
 31111 | D:14     | Found a huge runed gate.
 31113 | D:14     | Found a huge runed gate.
 31114 | D:14     | Found a huge runed gate.
 31184 | D:14     | Found a huge runed gate.
 31184 | D:14     | Found a huge runed gate.
 31185 | D:14     | Found a huge runed gate.
 31513 | D:13     | Reached XP level 17. HP: 91/130 MP: 0/0
 31513 | D:13     | Learned a level 6 spell: Eringya's Noxious Bog
 31821 | D:13     | Found a gate to the Vaults.
 32085 | D:13     | You are sucked into a shaft and drop 1 floor!
 32145 | D:13     | Found a hazy altar of Hepliaklqana.
 32177 | D:14     | Found a huge runed gate.
 32177 | D:14     | Found a huge runed gate.
 32177 | D:14     | Found a huge runed gate.
 32177 | D:14     | Found a huge runed gate.
 32177 | D:14     | Found a huge runed gate.
 32180 | D:14     | Found a huge runed gate.
 32185 | D:14     | Found a huge runed gate.
 32194 | D:14     | Noticed Eteoggu's ghost (journeyman FoFi)
 32194 | D:14     | Noticed Kedghoxa's ghost (journeyman DEIE)
 32194 | D:14     | Noticed Rabiuc's ghost (journeyman FoAK)
 32194 | D:14     | Noticed Meop's ghost (journeyman DEAE)
 32194 | D:14     | Noticed Midom's ghost (journeyman OgTm)
 32194 | D:14     | Noticed Meop's ghost (journeyman DEAE)
 32194 | D:14     | Noticed Kedghoxa's ghost (journeyman DEIE)
 32195 | D:14     | Found the ring of the Mage {Wiz Will++ Int+3}
 32195 | D:14     | Noticed Feiv Zoaf's ghost (journeyman GnWn)
 32208 | D:14     | Killed Meop's ghost
 32460 | Lair:3   | Killed Tocho's ghost
 32499 | Lair:3   | Identified the +5 morningstar of Yredelemnul's Pride {vamp,
                  | +Blink rPois Int+4}
 32629 | D:12     | Gained mutation: You are partially covered in iridescent
                  | scales. (AC +2) [potion of mutation]
 32629 | D:12     | Gained mutation: You occasionally shout uncontrollably at
                  | your foes. [potion of mutation]
 32629 | D:12     | Gained mutation: You have a pair of small antennae on your
                  | head. [potion of mutation]
 32629 | D:12     | Gained mutation: You expend health (3 HP) to strengthen
                  | your wands. [potion of mutation]
 32630 | D:12     | Lost mutation: You expend health (3 HP) to strengthen your
                  | wands. [potion of mutation]
 32630 | D:12     | Lost mutation: You have a pair of small antennae on your
                  | head. [potion of mutation]
 32630 | D:12     | Lost mutation: You are partially covered in iridescent
                  | scales. (AC +2) [potion of mutation]
 32630 | D:12     | Gained mutation: You evolve. [potion of mutation]
 32630 | D:12     | Gained mutation: Your mind is acute. (Int +2) [potion of
                  | mutation]
 32631 | D:12     | Lost mutation: Your mind is acute. (Int +2) [potion of
                  | mutation]
 32631 | D:12     | Lost mutation: You occasionally shout uncontrollably at
                  | your foes. [potion of mutation]
 32631 | D:12     | Gained mutation: You have sharp fingernails. [potion of
                  | mutation]
 32632 | D:12     | Lost mutation: You have sharp fingernails. [potion of
                  | mutation]
 32632 | D:12     | Lost mutation: You evolve. [potion of mutation]
 32632 | D:12     | Gained mutation: Your skin changes colour to match your
                  | surroundings (Stealth+). [potion of mutation]
 32632 | D:12     | Gained mutation: You are dopey. (Int -2) [potion of
                  | mutation]
 32632 | D:12     | Gained mutation: You are partially covered in iridescent
                  | scales. (AC +2) [potion of mutation]
 32741 | D:13     | Killed Eteoggu's ghost
 32741 | D:13     | Killed Rabiuc's ghost
 32800 | D:13     | Killed Kedghoxa's ghost
 32800 | D:13     | Killed Feiv Zoaf's ghost
 32841 | D:13     | Killed Midom's ghost
 32999 | D:13     | Killed Meop's ghost
 33044 | D:14     | HP: 1/130 [tengu reaver/+1 halberd of venom (42)]
 33046 | D:14     | Killed from afar by a tengu reaver

Illustrated notes

Levels and vault maps discovered:
D:1:      nicolae_arrival_somewhat_less_tricky_arrival, layout_loops_ring,
          hangedman_decor_opposing, hex_large, hangedman_abyss_or_decor_stabs
D:2:      layout_rooms, minmay_misc_feat_square, uniq_terence
D:3:      layout_loops_ring, serial_shops, shop_coins, minmay_misc_feat_roman,
          st_stairs_10, dk_noncrumbling_4
D:4:      layout_loops_ring, minmay_surrounded, uniq_crazy_yiuf_cottage
D:5:      kennysheep_six_static_rooms, layout_basic, kennysheep_mini_moat,
          enter_ossuary_3, st_stairs_3, kennysheep_path_1, uniq_menkaure,
          uniq_duvessa
D:6:      layout_cave_pools, lemuel_temple_firewalk_b, serial_column_ruins,
          column_ruins_courtyard_long, column_ruins_columns_straight,
          column_ruins_corridor_straight, column_ruins_grid_3,
          column_ruins_open_tiny, portal_sewer_entry_e, serial_shops, shop
D:7:      layout_basic, chequers_mini_garden
D:8:      layout_basic, enter_bailey_5
D:9:      layout_small_grid, due_lair_maze_entry_diamond, evilmike_butchery,
          uniq_erolcha, uniq_harold, uniq_erica
D:10:     layout_cave_pools, orc_0_dummy, gammafunk_ghost_arena
D:11:     layout_gridville
D:12:     layout_long_grid
D:13:     layout_gridville, erik_vaults_2, grunt_ministairs_4,
          nicolae_hepliaklqana_hippocampus
D:14:     layout_roguey, gammafunk_ghost_door_vault, serial_shops,
          nicolae_shop_behind_doors
Temple:   dpeg_three_leaves_temple
Lair:1:   layout_cave_shapes, pond, lemuel_fruit_tree
Lair:2:   layout_small_grid, minmay_shoals_entry_hut,
          nicolae_spider_entry_tight_spaces, gammafunk_lair_bear_cave,
          infiniplex_staircase_pool_2, grunt_megastairs_5
Lair:3:   layout_roguey, gammafunk_ghost_hydra_chop,
          cheibrodos_lair_caveside_slide, st_stairs_3, hibernation_bobbens
Lair:4:   layout_misc_corridors, minivault_24, uniq_kirke
Lair:5:   layout_loops_ring, serial_rivers, chequers_serial_rivers_micro_e,
          chequers_serial_rivers_micro_c, chequers_serial_rivers_micro_d,
          chequers_serial_rivers_large_a, chequers_serial_rivers_micro_e,
          chequers_serial_rivers_micro_b, serial_bayou_pond_a, minivault_27,
          uniq_urug
Lair:6:   guppyfry_lair_end_dragon, layout_loops_ring,
          hangedman_lair_caniforms_friends, minmay_slime_entry_jelly_boxes,
          gammafunk_ghost_cemetery, st_stairs_6
Spider:1: layout_spider_delve
Spider:2: nicolae_spider_hilbert_zone_1 [nicolae_spider_hilbert_4_sides_1_open,
          nicolae_spider_hilbert_4_sides_1_open,
          nicolae_spider_hilbert_4_sides_1_open,
          nicolae_spider_hilbert_4_sides_1_open,
          nicolae_spider_hilbert_3_sides_1_open,
          nicolae_spider_hilbert_3_sides_1_open,
          nicolae_spider_hilbert_3_sides_1_open,
          nicolae_spider_hilbert_3_sides_1_open,
          nicolae_spider_hilbert_3_sides_1_open,
          nicolae_spider_hilbert_6_sides_1_open,
          nicolae_spider_hilbert_6_sides_1_open,
          nicolae_spider_hilbert_3_sides_1_open,
          nicolae_spider_hilbert_3_sides_1_open,
          nicolae_spider_hilbert_3_sides_1_open,
          nicolae_spider_hilbert_3_sides_1_open,
          nicolae_spider_hilbert_2_sides_1_open],
          nicolae_spider_rock_and_or_roll, nicolae_spider_cling_halls
Spider:3: layout_spider_delve, uniq_arachne
Spider:4: johnstein_spider_rune_arachne_lair, uniq_bai_suzhen
Orc:1:    layout_caves, nicolae_orc_tapped_out, uniq_snorg
Orc:2:    pubby_orc_utopia, serial_shops
Elf:1:    eino_elf_arrival_the_gate, layout_gridlike, serial_shops, shop,
          minmay_elf_necromancy, orc_legates

Skill      XL: |  1  2  3  4  5  6  7  8  9 10 11 12 13 14 15 16 |
---------------+-------------------------------------------------+-----
Spellcasting   | 3 4 5 7 8 10 11 12 14 15 16 17 | 17.7
Fighting       | 1 2 3 4 5 6 8 9 10 11 12 13 14 | 14.8
Dodging        | 3 4 5 6 8 9 10 11 12 14 15 16 | 16.3
Stealth        | |  1.5

Action                   |  1- 3 |  4- 6 |  7- 9 | 10-12 | 13-15 | 16-18 || total
-------------------------+-------+-------+-------+-------+-------+-------++-------
Melee: Quarterstaff      |       |     1 |       |       |       |       ||     1
       Mace              |       |       |       |       |     2 |     3 ||     5
 Cast: Magic Dart        |    86 |   285 |    98 |   172 |   271 |    79 ||   991
       Slow              |     1 |     2 |       |     1 |     2 |       ||     6
       Call Imp          |       |     9 |    16 |     4 |    19 |    10 ||    58
       Blink             |       |     2 |       |       |       |     4 ||     6
       Mephitic Cloud    |       |     9 |     5 |    12 |    14 |     2 ||    42
       Conjure Flame     |       |     4 |     1 |       |       |     1 ||     6
       Corpse Rot        |       |     2 |     2 |     1 |     8 |     4 ||    17
       Stone Arrow       |       |       |    89 |   193 |   489 |   218 ||   989
       Vampiric Draining |       |       |     1 |     5 |    58 |    25 ||    89
       Lee's Rapid Decon |       |       |       |    67 |   220 |   101 ||   388
       Irradiate         |       |       |       |       |     9 |    21 ||    30
       Simulacrum        |       |       |       |       |    18 |    44 ||    62
       Eringya's Noxious |       |       |       |       |       |     5 ||     5
Evoke: Wand              |       |     2 |       |       |       |     2 ||     4
  Use: Scroll            |       |       |    20 |     5 |     7 |    15 ||    47
       Potion            |       |       |       |       |     5 |     9 ||    14
Armor: Robe              |       |     4 |    20 |     4 |       |       ||    28
       Troll leather arm |       |       |       |    22 |    65 |    68 ||   155
Dodge: Dodged            |     7 |    24 |    34 |    57 |   210 |   250 ||   582
Block: Other             |       |       |       |       |    41 |    66 ||   107
       Reflection        |       |       |       |       |     1 |    11 ||    12

Table legend: (Time is in decaauts)
 A = Elapsed time spent in this place.
 B = Non-inter-level travel time spent in this place.
 C = Inter-level travel time spent in this place.
 D = Time resting spent in this place.
 E = Time spent auto-exploring this place.
 F = Levels seen in this place.
 G = Mean time per level.
                   A        B        C        D        E       F      G
               +--------+--------+--------+--------+--------+-----+--------+
         Total |  33084 |  30684 |   2400 |   6413 |  18355 |  30 | 1102.8 |
       Dungeon |  19437 |  18273 |   1164 |   4814 |  10781 |  14 | 1388.4 |
        Temple |     53 |     52 |      1 |      0 |     46 |   1 |   53.0 |
          Lair |   6056 |   5234 |    822 |    457 |   3566 |   6 | 1009.3 |
   Spider Nest |   3839 |   3616 |    223 |    738 |   1927 |   4 |  959.8 |
  Orcish Mines |   2497 |   2308 |    189 |    100 |   1419 |   2 | 1248.5 |
   Elven Halls |      1 |      1 |      0 |      0 |      0 |   1 |    1.0 |
       Ossuary |    531 |    531 |      0 |     98 |    293 |   1 |  531.0 |
        Bailey |    666 |    666 |      0 |    206 |    323 |   1 |  666.0 |
               +--------+--------+--------+--------+--------+-----+--------+

Top non-repeatable levels by time:
     D:5: 2674 daAuts
   Orc:2: 2225 daAuts
     D:4: 2127 daAuts
Spider:2: 1995 daAuts
     D:3: 1858 daAuts
     D:9: 1689 daAuts
     D:1: 1681 daAuts
     D:8: 1620 daAuts
  Lair:6: 1502 daAuts
     D:7: 1391 daAuts
    D:13: 1290 daAuts
     D:6: 1255 daAuts
  Lair:2: 1227 daAuts
Spider:3: 1119 daAuts
  Lair:3: 1106 daAuts
